 Dungeon Crawl Stone Soup version 0.31-a0-370-g25055926c8 (webtiles) character file.

Game seed: 9282642048013418271

9316 Morbidden the Grappler (level 11, -6/101 HPs)
             Began as a Troll Shapeshifter on July 29, 2023.
             Was a Priest of Cheibriados.
             Constricted to death by Harold (12 damage)
             ... on level 10 of the Dungeon.
             The game lasted 00:11:42 (7367 turns).

Morbidden the Grappler (Troll Shapeshifter)         Turns: 7367, Time: 00:11:43

Health: -6/101     AC: 15    Str: 40    XL:     11   Next: 21%
Magic:  11/11      EV:  3    Int: 11    God:    Cheibriados [***...]
Gold:   171        SH: 20    Dex: 23    Spells: 10/10 levels left

rFire   + .          .
                       - Unarmed
rCold   + . .        b - +4 tower shield of Quyvaumm {Str+4 Slay+2}
rNeg    . . .        D - +1 gold dragon scales
rPois   +            (helmet currently unavailable)
rElec   .            (cloak currently unavailable)
rCorr   .            (gloves unavailable)
SInv    .            (boots unavailable)
Will    .....        g - amulet of magic regeneration Stlth
                     l - +6 ring of dexterity
HPRegen 1.16/turn    (no ring)
MPRegen 0.52/turn

%: no passive effects
@: beast-form, grasped by roots, hasted, constricted, slow
A: beast (slay +4), large, unfitting armour, claws 3, regeneration 1, shaggy fur
1, tough skin 1
a: Begin Untransformation, Renounce Religion, Bend Time, Temporal Distortion


You were on level 10 of the Dungeon.
You worshipped Cheibriados.
Cheibriados was most pleased with you.
You were a hulking beast.
You visited 1 branch of the dungeon, and saw 10 of its levels.

You collected 1131 gold pieces.
You spent 960 gold pieces at shops.

Inventory:

Hand Weapons
 q - a +3 broad axe of flaming
Missiles
 f - 8 curare-tipped darts
 h - 10 throwing nets
 n - 24 poisoned darts
 A - 11 boomerangs
 C - 39 stones (quivered)
Armour
 b - the +4 tower shield of Quyvaumm (worn) {Str+4 Slay+2}
   (You took it off an orc on level 7 of the Dungeon)

   Str:       It affects your strength (+4).
   Slay:      It affects your accuracy & damage with ranged weapons and melee
   (+2).
 o - a +0 cloak
 D - +1 gold dragon scales (worn)
 E - a +0 cloak
Jewellery
 g - an amulet of magic regeneration (around neck)
 l - a +6 ring of dexterity (left claw)
 s - a ring of fire
Talismans
 c - a beast talisman
Wands
 j - a wand of flame (21)
 r - a wand of mindburst (24)
 u - a wand of roots (18)
Scrolls
 i - 5 scrolls of identify
 k - a scroll of fog
 x - a scroll of amnesia
 y - a scroll of poison
 B - a scroll of teleportation
 H - a scroll of enchant armour
 I - a scroll of revelation
Potions
 d - a potion of haste
 e - a potion of invisibility
 m - 3 potions of curing {unknown}
 p - a potion of degeneration {unknown}
 t - 3 potions of might {unknown}
 v - 3 potions of heal wounds {unknown}
 w - 2 potions of attraction {unknown}
 G - a potion of berserk rage {unknown}
 J - a potion of lignification


   Skills:
 * Level 4.7 Fighting
 * Level 3.4 Throwing
 + Level 1.8 Armour
 * Level 5.3 Dodging
 + Level 1.4 Stealth
 * Level 5.9 Shields
 * Level 11.3 Unarmed Combat
 * Level 1.5 Invocations
 * Level 6.3 Shapeshifting


You had 10 spell levels left.
You didn't know any spells.
Your spell library contained the following spells:

 Spells                   Type           Power      Damage    Failure   Level
 Blink                    Tloc           0%         N/A       100%        2
 Lesser Beckoning         Tloc           0%         N/A       100%        2
 Momentum Strike          Conj/Tloc      0%         3d8       100%        2
 Static Discharge         Conj/Air       0%         2-2/arc   100%        2
 Dazzling Flash           Conj/Hex       0%         N/A       100%        3
 Airstrike                Air            0%         2d(0-16)  100%        4
 Summon Lightning Spire   Summ/Air       0%         N/A       100%        4
 Agony                    Necr           0%         N/A       100%        5
 Silence                  Hex/Air        0%         N/A       100%        5


Dungeon Overview and Level Annotations

Branches:
Dungeon (10/15)            Temple (0/1) D:7            Lair (0/5) D:9
    Orc (0/2) D:10

Altars:
Cheibriados
Gozag
Kikubaaqudgha
Okawaru
Sif Muna
Uskayaw

Shops:
D:6 ([   D:8 *

Annotations:
D:9 1 runed translucent door, Erolcha
D:10 Harold


Innate Abilities, Weirdness & Mutations

You are a hulking beast.
Your limbs bulge with bestial killing power. (Slay +4)
You are too large for most types of armour.
You have claws for hands.
Your natural rate of healing is unusually fast.
You are covered in fur. (AC +1)
You have tough skin. (AC +1)


Message History

Harold is unaffected.
The grasping roots constrict you!
* * * LOW HITPOINT WARNING * * *
You mangle Harold!!
Harold is heavily wounded.
You block Harold's attack. The grasping roots constrict you!
* * * LOW HITPOINT WARNING * * *
You claw Harold!
Harold is heavily wounded.
Harold yells, "I don't have all day!"
Harold hits you with a +0 war axe.
* * * LOW HITPOINT WARNING * * *
The grasping roots constrict you.
You completely miss Harold.
Harold is heavily wounded.
You block Harold's attack. The grasping roots constrict you!
* * * LOW HITPOINT WARNING * * *
The grasping roots release their grip on you.
Unknown command.
Unknown command.
Unknown command.
You scratch Harold.
Harold is heavily wounded.
You block Harold's attack.
Unknown command.
Okay, then.
Unknown command.
You completely miss Harold.
Harold is heavily wounded.
Harold zaps a wand.
The roots erupt in riotous growth!
The grasping roots grab you!
Harold is unaffected.
The grasping roots constrict you!
* * * LOW HITPOINT WARNING * * *
Unknown command.
Unknown command.
Unknown command.
Unknown command.
It was a potion of haste.
You feel yourself speed up.
Cheibriados forgives your accidental hurry, just this once.
You block Harold's attack. The grasping roots constrict you!
You die...

###### ... #.....######
#.. ............ #..
##.####§≈≈≈≈≈..## ..
#....@..≈≈≈≈≈... ..
#..###h.§°_°§.########.
#.......≈○°≈≈........#.
#.####>.≈≈☼○°......#.#.
##................
##.####.##.#.#.#. #..
#.##...#.#. ##.#
#.####.#.#. ..
..####.#.#.
............#.


You could see Harold.

Vanquished Creatures
  Erica (D:8)
  A two-headed ogre (D:10)
  The ghost of Olga the Trooper, a novice MiDe of Ashenzari (D:7)
  Pikel (D:7)
  Maurice (D:8)
  Maggie (D:9)
  A komodo dragon (D:9)
  Prince Ribbit (D:8)
  Grinder (D:4)
  A hornet (D:9)
  Sigmund (D:2)
  A wyvern (D:9)
  7 yaks
  3 steam dragons
  Menkaure (D:4)
  4 water moccasins
  A sky beast (D:8)
  An orc warrior (D:8)
  Duvessa (D:5)
  2 black bears (D:9)
  2 centaurs (D:9)
  A lemure (D:7)
  Blork the orc (D:4)
  A kobold brigand (D:9)
  2 bullfrogs
  6 gnoll sergeants
  7 scorpions
  6 wights
  Dowan (D:5)
  6 killer bees (D:9)
  6 howler monkeys
  4 orc priests
  5 hounds
  A gnoll bouda (D:6)
  6 orc wizards
  3 iguanas (D:6)
  Robin (D:2)
  28 gnolls
  4 adders
  3 shadow imps
  A white imp (D:5)
  A worm (D:3)
  2 dart slugs (D:5)
  22 orcs
  10 ball pythons
  8 bats
  10 endoplasms
  4 giant cockroaches
  14 goblins
  8 hobgoblins
  8 jackals
  14 kobolds
  4 quokkas
  3 frilled lizards
  A rat (D:1)
236 creatures vanquished.

Vanquished Creatures (others)
  An orc wizard (D:7)
  2 goblins (D:2)
  A rat (D:2)
4 creatures vanquished.

Grand Total: 240 creatures vanquished

Notes
Turn   | Place    | Note
-------+----------+-------------------------------------------
     0 | D:1      | Morbidden the Troll Shapeshifter began the quest for the
                  | Orb.
     0 | D:1      | Reached XP level 1. HP: 18/18 MP: 0/0
   210 | D:1      | Reached XP level 2. HP: 26/26 MP: 1/1
   429 | D:1      | Reached skill level 1 in Fighting
   622 | D:1      | Reached XP level 3. HP: 33/33 MP: 2/2
   916 | D:2      | Noticed Robin
   945 | D:2      | Killed Robin
   946 | D:2      | Reached XP level 4. HP: 20/41 MP: 3/3
  1109 | D:2      | Found an opulent altar of Gozag.
  1160 | D:2      | Noticed Sigmund
  1167 | D:2      | Killed Sigmund
  1168 | D:2      | Reached skill level 4 in Unarmed Combat
  1168 | D:2      | Reached XP level 5. HP: 47/48 MP: 4/4
  1371 | D:3      | Reached skill level 5 in Unarmed Combat
  1371 | D:3      | Reached XP level 6. HP: 54/55 MP: 5/5
  1915 | D:4      | Noticed Menkaure
  1922 | D:4      | Killed Menkaure
  1945 | D:4      | Noticed Blork the orc
  1958 | D:4      | Killed Blork the orc
  2144 | D:4      | Found a hide-covered altar of Uskayaw.
  2171 | D:4      | Noticed Grinder
  2180 | D:4      | Paralysed by Grinder for 3 turns
  2184 | D:4      | Killed Grinder
  2185 | D:4      | Reached skill level 6 in Unarmed Combat
  2185 | D:4      | Reached XP level 7. HP: 49/65 MP: 6/6
  2844 | D:4      | Found an opulent altar of Gozag.
  2948 | D:5      | Entered Level 5 of the Dungeon
  2948 | D:5      | You fall into a shaft and drop 2 floors!
  3005 | D:7      | Identified the +4 tower shield of Quyvaumm {Str+4 Slay+2}
  3009 | D:7      | Reached skill level 1 in Stealth
  3120 | D:7      | Reached XP level 8. HP: 72/74 MP: 7/7
  3141 | D:7      | Reached skill level 7 in Unarmed Combat
  3258 | D:6      | Reached skill level 5 in Shapeshifting
  3396 | D:5      | Reached skill level 1 in Shields
  3491 | D:5      | Noticed Duvessa
  3495 | D:5      | Noticed Dowan
  3501 | D:5      | Killed Duvessa
  3514 | D:5      | Killed Dowan
  3907 | D:6      | Found an iron altar of Okawaru.
  3922 | D:6      | Reached skill level 8 in Unarmed Combat
  4147 | D:6      | Reached XP level 9. HP: 81/81 MP: 8/8
  4230 | D:6      | Found Bahram Gur's Dragon-Slaying Spoils.
  4509 | D:6      | Reached skill level 1 in Throwing
  4876 | D:6      | Found Uqeis's Weapon Boutique.
  4888 | D:6      | Found an ancient bone altar of Kikubaaqudgha.
  4889 | D:6      | Found a snail-covered altar of Cheibriados.
  4940 | D:6      | Became a worshipper of Cheibriados the Contemplative
  5053 | D:7      | Identified a scroll of acquirement
  5054 | D:7      | Acquired 540 gold pieces
  5131 | D:7      | Found a staircase to the Ecumenical Temple.
  5243 | D:7      | Found a runed translucent door.
  5357 | D:7      | Noticed Olga's ghost (novice MiDe)
  5376 | D:7      | Noticed Pikel
  5393 | D:7      | Killed Pikel
  5394 | D:7      | Reached skill level 9 in Unarmed Combat
  5584 | D:7      | Killed Olga's ghost
  5663 | D:6      | Bought +0 gold dragon scales for 960 gold pieces
  5714 | D:8      | Noticed Erica
  5721 | D:8      | Killed Erica
  5722 | D:8      | Reached XP level 10. HP: 61/92 MP: 9/9
  5901 | D:8      | Found Toic's General Store.
  5934 | D:8      | Noticed Maurice
  5947 | D:8      | Killed Maurice
  6117 | D:8      | Reached skill level 10 in Unarmed Combat
  6123 | D:8      | Reached skill level 5 in Dodging
  6137 | D:8      | Reached * piety under Cheibriados
  6303 | D:8      | Noticed Prince Ribbit
  6308 | D:8      | Killed Prince Ribbit
  6460 | D:9      | Reached skill level 1 in Armour
  6529 | D:9      | Reached ** piety under Cheibriados
  6531 | D:9      | Found a runed translucent door.
  6531 | D:9      | Noticed a sixfirhy
  6553 | D:9      | Reached skill level 5 in Shields
  6576 | D:9      | Found a staircase to the Lair.
  6632 | D:9      | Reached skill level 1 in Invocations
  6711 | D:9      | Reached skill level 11 in Unarmed Combat
  6714 | D:9      | Noticed Maggie
  6725 | D:9      | Killed Maggie
  6755 | D:9      | Reached XP level 11. HP: 101/101 MP: 10/10
  6953 | D:9      | Reached *** piety under Cheibriados
  6985 | D:9      | Noticed Erolcha
  7012 | D:10     | Entered Level 10 of the Dungeon
  7146 | D:10     | Noticed a two-headed ogre
  7149 | D:10     | Killed a two-headed ogre
  7322 | D:10     | Found a staircase to the Orcish Mines.
  7340 | D:10     | Found a shimmering blue altar of Sif Muna.
  7353 | D:10     | Noticed Harold
  7366 | D:10     | HP: 5/101 [constriction (9)]
  7367 | D:10     | Constricted to death by Harold

Illustrated notes

Levels and vault maps discovered:
D:1:      heliophobic_arrival_ceremonial_halls, layout_loops_ring, minmay_tall_x
D:2:      layout_rooms, basic_altar, uniq_robin, uniq_sigmund
D:3:      layout_loops_cross, serial_rivers, chequers_serial_rivers_small_3,
          chequers_serial_rivers_marsh, chequers_serial_rivers_micro_d,
          chequers_serial_rivers_marsh, chequers_serial_rivers_small_b,
          chequers_serial_rivers_micro_b
D:4:      minmay_wonky_spiral, layout_basic,
          mainiacjoe_overflow_small_starburst, lemuel_coloured_pillars_altar,
          uniq_blork_the_orc, uniq_grinder, uniq_menkaure
D:5:      layout_rooms, uniq_duvessa
D:6:      layout_cave_pools, mainiacjoe_overflow_brackets,
          mainiacjoe_overflow_divided_tiny, serial_gnoll_camp,
          gnoll_camp_huts_moat, gnoll_camp_mini_sergeant, gnoll_camp_mini_hut,
          gnoll_camp_mini_shop, nrook_uturn, nicolae_shop_dragon_depot,
          nicolae_fountain_basement
D:7:      layout_gridville, minmay_temple_entry_arrows,
          ebering_ghost_reflecting_pool, uniq_pikel
D:8:      minmay_weird_star, layout_basic, serial_shops, shop,
          nicolae_nh_ransacked_shop, uniq_erica, uniq_prince_ribbit1,
          uniq_maurice
D:9:      cheibrodos_shockbox, layout_irregular_city,
          due_lair_maze_entry_diamond, uniq_erolcha, uniq_gastronok, uniq_maggie
D:10:     layout_basic, mainiacjoe_overflow_alcove_1,
          nicolae_sif_muna_condensation, nrook_pool_corridor, uniq_lodul,
          uniq_harold, uniq_sonja

Skill      XL: |  1  2  3  4  5  6  7  8  9 10 |
---------------+-------------------------------+-----
Fighting       | 1 2 3 4 |  4.7
Dodging        | 2 3 4 5 |  5.3
Unarmed Combat | 4 5 6 8 9 11 | 11.3
Shapeshifting  | 4 5 6 |  6.3
Stealth        | 1 |  1.4
Shields        | 2 4 5 |  5.9
Throwing       | 2 3 |  3.4
Armour         | 1 |  1.8
Invocations    | 1 |  1.5

Action                     |  1- 3 |  4- 6 |  7- 9 | 10-12 || total
---------------------------+-------+-------+-------+-------++-------
  Melee: Unarmed           |   103 |    70 |   240 |   190 ||   603
         Punch             |       |     1 |       |       ||     1
  Throw: Stone             |     4 |       |    43 |     1 ||    48
         Boomerang         |       |       |     6 |       ||     6
         Dart              |       |       |     1 |       ||     1
  Evoke: Wand              |       |     2 |       |       ||     2
    Use: Potion            |     2 |       |     1 |     1 ||     4
         Scroll            |       |     3 |     8 |     4 ||    15
   Stab: Sleeping          |     1 |     1 |     3 |       ||     5
         Invisible         |     3 |       |       |       ||     3
         Distracted        |     1 |       |       |       ||     1
 Armour: Animal skin       |    54 |    16 |    31 |       ||   101
         Skin              |    11 |       |    26 |       ||    37
         Steam dragon scal |       |       |     3 |       ||     3
         Gold dragon scale |       |       |       |    62 ||    62
  Dodge: Dodged            |    54 |    35 |    59 |    25 ||   173
  Block: Tower shield      |       |       |   166 |   183 ||   349

Table legend: (Time is in decaauts)
 A = Elapsed time spent in this place.
 B = Non-inter-level travel time spent in this place.
 C = Inter-level travel time spent in this place.
 D = Time resting spent in this place.
 E = Time spent auto-exploring this place.
 F = Levels seen in this place.
 G = Mean time per level.
                   A        B        C        D        E       F      G
               +--------+--------+--------+--------+--------+-----+--------+
         Total |   8094 |   7682 |    412 |   1115 |   4844 |  10 |  809.4 |
       Dungeon |   8094 |   7682 |    412 |   1115 |   4844 |  10 |  809.4 |
               +--------+--------+--------+--------+--------+-----+--------+

Top non-repeatable levels by time:
     D:6: 1498 daAuts
     D:4: 1049 daAuts
     D:7: 1008 daAuts
     D:8: 896 daAuts
     D:9: 824 daAuts
     D:1: 744 daAuts
     D:3: 704 daAuts
    D:10: 469 daAuts
     D:5: 464 daAuts
     D:2: 435 daAuts
